 Dungeon Crawl Stone Soup version 0.17-a0-1575-g9a29ec8 (webtiles) character file.

357 FakerFangirl the Chiller (level 6, -7/43 HPs)
             Began as a Merfolk Ice Elementalist on July 26, 2015.
             Killed from afar by an orc wizard (10 damage)
             ... with a puff of flame
             ... on level 3 of the Dungeon.
             The game lasted 00:35:13 (2637 turns).

FakerFangirl the Chiller (Merfolk Ice Elementalist) Turns: 2637, Time: 00:35:13

Health: -7/43      AC:  2    Str:  9    XL:     6   Next: 64%
Magic:  2/12       EV: 14    Int: 16    God:
Gold:   92         SH:  0    Dex: 14    Spells: 4 memorised, 3 levels left

rFire  . . .     SeeInvis .     y - +2 hunting sling (flame)
rCold  . . .     Clarity  .     w - +0 robe
rNeg   . . .     SustAt   .     (no shield)
rPois  .         Gourm    .     (no helmet)
rElec  .         Spirit   .     (no cloak)
rCorr  .         Warding  .     (no gloves)
rMut   .         Stasis   .     (no boots)
MR     .....                    (no amulet)
Stlth  +.........               (no ring)
                                (no ring)

@: confused, not resistant to hostile enchantments, very unstealthy
A: change form in water, swift swim
a: no special abilities


You were on level 3 of the Dungeon.
You were not hungry.

You visited 1 branch of the dungeon, and saw 3 of its levels.

You collected 92 gold pieces.

Inventory:

Hand weapons
 h - a +0 hunting sling
 k - a +0 dagger
 n - a +0 dagger
 t - a +0 short sword
 u - a +0 spear
 v - a +5 club
 y - a +2 hunting sling of flaming (weapon)
Missiles
 m - 3 tomahawks
 o - 12 poisoned needles
 p - 11 sling bullets (quivered)
 r - 3 javelins
 s - 18 bolts
 z - 89 stones
Armour
 a - a +0 robe
 f - a +0 leather armour
 q - a +0 robe
 w - a +0 robe (worn)
 A - a +0 robe
 B - a +0 robe
Scrolls
 d - a scroll of enchant weapon {unknown}
 e - a scroll of teleportation {unknown}
 g - a scroll of random uselessness {unknown}
 i - 2 scrolls of remove curse {unknown}
 j - 2 scrolls of identify {unknown}
 l - a scroll of magic mapping {unknown}
 x - a scroll of immolation {unknown}
 C - a scroll of noise {unknown}
Potions
 c - a potion of cure mutation
Books
 b - a book of Frost

   Spells                             Type                      Level
   a - Freeze                         Ice                          1
   b - Throw Frost                    Conjuration/Ice              2
   c - Ozocubu's Armour               Charms/Ice                   3
   d - Throw Icicle                   Conjuration/Ice              4
   e - Summon Ice Beast               Ice/Summoning                4
   f - Condensation Shield            Ice                          4


   Skills:
 + Level 1.0 Fighting
 + Level 1.2 Throwing
 + Level 3.8 Dodging
 + Level 2.1 Stealth
 + Level 4.0 Spellcasting
 + Level 0.7 Conjurations
 + Level 5.7 Ice Magic


You had 3 spell levels left.
You knew the following spells:

 Your Spells              Type           Power        Failure   Level  Hunger
a - Freeze                Ice            ###.         1%          1    None
b - Throw Frost           Conj/Ice       ##....       10%         2    ##.....
c - Ozocubu's Armour      Chrm/Ice       ##......     17%         3    ###....
d - Summon Ice Beast      Ice/Summ       ##......     63%         4    ####...


Dungeon Overview and Level Annotations

Branches:
Dungeon (3/15)

Altars:

Annotations:
D:2 Sigmund


Message History

Press: ? - help, Shift-Dir - straight line You shoot a sling bullet.
Something hits you.
* * * LOW HITPOINT WARNING * * *
Firing (i - inventory. (,) - cycle):
p - 14 sling bullets (quivered)
Press: ? - help, Shift-Dir - straight line You shoot a sling bullet.
Something hits you but does no damage.
Firing (i - inventory. (,) - cycle):
p - 13 sling bullets (quivered)
Press: ? - help, Shift-Dir - straight line You shoot a sling bullet.
Something barely misses you.
Press: ? - help, v - describe, . - travel, g - get item 5 sling bullets.
The floor, spattered with blood.
You're too confused to cast spells.
Firing (i - inventory. (,) - cycle):
p - 12 sling bullets (quivered)
Press: ? - help, Shift-Dir - straight line You shoot a sling bullet.
You hear some strange, mumbled words.
A puff of flame appears from out of thin air!
The puff of flame hits you!
You die...

## .# ># .##### .#...
.#.#
...#####################
............(...@.......
.###############{[......
.# ##(#####. .# .# .# )#
.# .. .# .. .# .(# .#


There were no monsters in sight!

Vanquished Creatures
  The ghost of soupofsoups the Poker, an average OpFi (D:3)
  2 orc priests (D:3)
  Ijyb (D:3)
  Jessica (D:2)
  2 orc wizards (D:3)
  Robin (D:2)
  3 adders
  A worm (D:2)
  4 giant geckos
  7 orcs (D:3)
  A giant cockroach (D:1)
  11 goblins
  11 hobgoblins
  A quokka (D:2)
  2 ball pythons (D:1)
  7 bats
  2 giant newts
  7 jackals
  3 kobolds
  5 rats
73 creatures vanquished.

Notes
Turn   | Place    | Note
--------------------------------------------------------------
     0 | D:1      | FakerFangirl the Merfolk Ice Elementalist began the quest for the Orb.
     0 | D:1      | Reached XP level 1. HP: 13/13 MP: 3/3
   340 | D:1      | Reached XP level 2. HP: 17/19 MP: 0/5
   840 | D:1      | Reached XP level 3. HP: 24/24 MP: 4/6
   923 | D:2      | Noticed Robin
   950 | D:2      | Found a faded altar to an unknown god.
  1111 | D:2      | Noticed Jessica
  1123 | D:2      | Killed Jessica
  1123 | D:2      | Reached skill level 4 in Ice Magic
  1171 | D:2      | Reached XP level 4. HP: 30/30 MP: 5/8
  1417 | D:2      | Noticed Sigmund
  1528 | D:2      | Killed Robin
  1528 | D:2      | Reached skill level 1 in Throwing
  1671 | D:2      | Learned a level 2 spell: Throw Frost
  1675 | D:2      | Learned a level 3 spell: Ozocubu's Armour
  1815 | D:2      | Reached XP level 5. HP: 35/35 MP: 9/9
  1983 | D:3      | HP: 1/54 [orc priest/divine providence (12)]
  1988 | D:3      | Reached skill level 5 in Ice Magic
  1994 | D:3      | Learned a level 4 spell: Summon Ice Beast
  2212 | D:3      | Noticed soupofsoups's ghost (average OpFi)
  2217 | D:3      | Killed soupofsoups's ghost
  2217 | D:3      | Reached XP level 6. HP: 32/42 MP: 3/11
  2557 | D:3      | Noticed Ijyb
  2563 | D:3      | Killed Ijyb
  2563 | D:3      | Reached skill level 1 in Fighting
  2637 | D:3      | Killed from afar by an orc wizard

Vault maps used:
D:1:      lemuel_arrival_cross
D:2:      ecumenical_altar_1, uniq_sigmund, uniq_robin, uniq_jessica
D:3:      first_bread, lemuel_angel_altar, uniq_iyjb

Action                   |  1- 3 |  4- 6 || total
-------------------------+-------+-------++-------
Melee: Dagger            |     5 |       ||     5
 Fire: Hunting sling     |    13 |    79 ||    92
Throw: Stone             |    18 |       ||    18
       Tomahawk          |     4 |       ||     4
 Cast: Freeze            |    37 |    48 ||    85
       Throw Frost       |       |     9 ||     9
       Summon Ice Beast  |       |     1 ||     1
  Use: Potion            |       |     4 ||     4
  Eat: Chunk             |     1 |     4 ||     5
       Bread ration      |       |     1 ||     1
